 Dungeon Crawl Stone Soup version 0.28.0-53-g5a82cb258f (webtiles) character file.

Game seed: 757633890994371349

3655 DildoBatman the Frost Mage (level 10, -3/66 (70) HPs)
             Began as a Formicid Conjurer on July 12, 2022.
             Was an Initiate of Kikubaaqudgha.
             Slain by a wight
             ... wielding a +0 war axe
              (6 damage)
             ... on level 9 of the Dungeon.
             The game lasted 00:36:02 (9970 turns).

DildoBatman the Frost Mage (Formicid Conjurer)      Turns: 9970, Time: 00:36:03

HP:   -3/66 (70)    AC:  4    Str: 11    XL:     10   Next: 34%
MP:   17/29         EV: 12    Int: 19    God:    Kikubaaqudgha [......]
Gold: 436           SH:  0    Dex: 13    Spells: 10/23 levels left

rFire   . . .      SeeInvis +   b - staff of conjuration
rCold   . . .      Faith    .   p - orb {*channel}
rNeg    . . .      Spirit   .   l - +0 robe
rPois   .          Reflect  .   (helmet unavailable)
rElec   .          Harm     .   (no cloak)
rCorr   .          Rampage  .   (no gloves)
Will    ++...                   h - +1 pair of boots
Stlth   ++........              (no amulet)
HPRegen 0.21/turn               k - ring of willpower
MPRegen 0.21/turn               C - ring of magical power

@: freezing walls, drained
A: permanent stasis, dig shafts and tunnels, antennae 3, four strong arms
a: Dig, Shaft Self, Renounce Religion


You were on level 9 of the Dungeon.
You worshipped Kikubaaqudgha.
Kikubaaqudgha was noncommittal.
You visited 2 branches of the dungeon, and saw 10 of its levels.

You collected 436 gold pieces.

Inventory:

Hand Weapons
 a - a +0 hunting sling
 d - a +0 falchion
 e - a +2 demon trident of pain
Missiles
 i - 4 boomerangs
 m - 8 poisoned darts
 n - 3 javelins
 o - 71 sling bullets
 q - 40 arrows
 y - 48 bolts
 A - 172 stones
 B - a throwing net
 H - a curare-tipped dart
Armour
 h - a +1 pair of boots (worn)
 l - a +0 robe (worn)
 p - an orb of energy (worn)
 G - the +1 ring mail of Indemnity {Str+4}
   (You found it on level 7 of the Dungeon)

   Str:       It affects your strength (+4).
Magical Staves
 b - a staff of conjuration (weapon)
 s - a staff of poison
 I - a staff of cold
Jewellery
 k - a ring of willpower (left hand)
 v - a ring of flight
 C - a ring of magical power (right hand)
 K - an amulet of reflection
Wands
 t - a wand of charming (3)
 J - a wand of paralysis (2)
Scrolls
 c - 3 scrolls of enchant armour
 j - 4 scrolls of immolation {unknown}
 r - a scroll of enchant weapon {unknown}
 w - a scroll of fear {unknown}
 x - a scroll of amnesia {unknown}
 z - a scroll of identify
 D - a scroll of brand weapon {unknown}
Potions
 f - a potion of brilliance {unknown}
 g - 2 potions of heal wounds
 u - a potion of invisibility {unknown}
 E - a potion of mutation {unknown}
 F - a potion of curing {unknown}
 M - a potion of berserk rage {unknown}
 N - a potion of attraction {unknown}
 O - a potion of cancellation {unknown}
Miscellaneous
 L - a phial of floods


   Skills:
 - Level 3.3 Fighting
 - Level 3.3 Armour
 - Level 2.2 Dodging
 - Level 2.4 Stealth
 - Level 7.0 Spellcasting
 - Level 6.0 Conjurations
 * Level 4.3 Necromancy
 - Level 8.0 Ice Magic
 * Level 5.3 Earth Magic


You had 10 spell levels left.
You knew the following spells:

 Your Spells              Type           Power      Damage    Failure   Level
a - Searing Ray           Conj           88%        2d7       1%          2
b - Frozen Ramparts       Ice            74%        1d9       1%          3
c - Magic Dart            Conj           100%       1d8       1%          1
d - Borgnjor's Vile Clut  Necr/Erth      12%        N/A       36%         5
z - Sublimation of Blood  Necr           23%        N/A       2%          2

Your spell library contained the following spells:

 Spells                   Type           Power      Damage    Failure   Level
 Freeze                   Ice            100%       1d11      1%          1
 Dazzling Flash           Conj/Hex       54%        N/A       9%          3
 Apportation              Tloc           12%        N/A       10%         1
 Slow                     Hex            24%        N/A       10%         1
 Wereblood                Tmut           6%         N/A       16%         2
 Animate Dead             Necr           11%        N/A       17%         4
 Ice Form                 Ice/Tmut       21%        N/A       19%         4
 Summon Ice Beast         Ice/Summ       21%        N/A       19%         4
 Fulminant Prism          Conj/Hex       13%        3d9       28%         4
 Iskenderun's Mystic Bla  Conj/Tloc      27%        2d7       28%         4
 Lee's Rapid Deconstruct  Erth           13%        3d10*     32%         5
 Leda's Liquefaction      Hex/Erth       8%         N/A       34%         4
 Death Channel            Necr           11%        N/A       95%         6
 Statue Form              Tmut/Erth      10%        N/A       99%         6
 Summon Hydra             Summ           3%         N/A       100%        7


Dungeon Overview and Level Annotations

Branches:
Dungeon (9/15)             Temple (1/1) D:7            Lair (0/6) D:8
    Orc: D:9-12

Altars:
Ashenzari
Cheibriados
Dithmenos
Elyvilon
Fedhas
Gozag
Hepliaklqana
Kikubaaqudgha
Makhleb
Nemelex Xobeh
Okawaru
Qazlal
Ru
Sif Muna
Trog
Uskayaw
Vehumet
Wu Jian
Xom
Yredelemnul
Zin
The Shining One

Annotations:
D:3 Grinder; Natasha; Sigmund
D:4 2 runed translucent doors, aloneDruid's ghost, amateur FoFi
D:5 exclusion: two-headed ogre
D:7 exclusion: sensed monster (detected)
D:8 1 runed translucent door, Alannah's ghost, novice GrFi; Erica; Maurice


Innate Abilities, Weirdness & Mutations

You cannot be hasted, slowed, berserked, paralysed or teleported.
You can dig through walls and to a lower floor.
You have a pair of large antennae on your head. (SInv)
Your four strong arms can wield two-handed weapons with a shield.


Message History

You resist with almost no effort.
The wight completely resists.
The wall freezes the wight but does no damage.
The wight hits you with a +0 war axe!
You feel drained.
The frozen ramparts melt away.
You climb downwards.
There is a stone staircase leading up here.
The wight barely misses you.
Casting: Searing Ray (safe; 1% risk of failure)
Confirm with . or Enter, or press ? or * to list all spells.
Casting: Frozen Ramparts (safe; 1% risk of failure)
Press: ? - help, Dir - look around, f - activate The walls around you are covered in ice.
The wight resists.
The wall freezes the wight.
Casting: Frozen Ramparts (safe; 1% risk of failure)
Confirm with . or Enter, or press ? or * to list all spells.
Aiming: Searing Ray (safe; 1% risk of failure)
Press: ? - help, Shift-Dir - straight line, f - wight
Aim: a wight, wielding a +0 war axe and wearing a +0 robe (lightly damaged, 82% to hit)
You feel a surge of power!
The searing ray hits the wight.
The wight is moderately damaged. (Press . to maintain the ray.)
The wight resists.
The wall freezes the wight.
The wight hits you but does no damage.
The searing ray misses the wight.
The wight completely resists.
The wall freezes the wight but does no damage.
The wight hits you with a +0 war axe!
You feel drained.
The searing ray hits the wight!
The wight is severely damaged.
The wight resists.
The wall freezes the wight.
The wight hits you with a +0 war axe.
You die...
Kikubaaqudgha rasps: "You have failed me!
Welcome... death!"

....#.......#...#..........##....
....#.......##'##...........#....
....#.......................#....
{...#.......................#..#'
....###...............#######..#.
+##...#...............#........#.
..#...##########....###........#.
..#............######..........#.
..#............z@..............#.
..#.........#####..............#.
..#.........# #..............#.
..#.........# #..............#.
..#.........# #..............#<
'##.........#####..............##
.................................
...........................####..
....#########..............# #..


You could see a wight.

Vanquished Creatures
  A two-headed ogre (D:9)
  3 centaur zombies
  2 water moccasins
  2 orc warriors
  A sky beast (D:6)
  A black bear (D:8)
  A necrophage (D:4)
  4 ogres
  A centaur (D:8)
  A phantom (D:4)
  A kobold brigand (D:8)
  4 bullfrogs
  A gnoll sergeant (D:9)
  A scorpion (D:5)
  A wight (D:8)
  A water moccasin skeleton (D:4)
  3 howler monkeys
  2 bullfrog zombies
  An orc priest (D:6)
  2 bullfrog skeletons (D:5)
  5 hounds
  2 jellies (D:4)
  4 orc wizards
  A scorpion zombie (D:5)
  An iguana (D:4)
  2 hound skeletons (D:4)
  8 gnolls
  10 adders
  2 shadow imps (D:7)
  An ufetubus (D:6)
  An adder skeleton (D:4)
  A worm (D:3)
  4 dart slugs
  17 orcs
  3 ball pythons
  2 bats (D:1)
  A bat zombie (D:9)
  3 endoplasms
  A giant cockroach (D:1)
  5 goblins
  12 hobgoblins
  3 jackals (D:3)
  8 kobolds
  7 quokkas
  A frilled lizard (D:1)
  A jackal skeleton (D:4)
  4 rats
  2 rat zombies (D:9)
146 creatures vanquished.

Vanquished Creatures (others)
  30 fungi (D:8)
  46 plants (D:8)
  9 withered plants (D:7)
85 creatures vanquished.

Grand Total: 231 creatures vanquished

Notes
Turn   | Place    | Note
-------+----------+-------------------------------------------
     0 | D:1      | DildoBatman the Formicid Conjurer began the quest for the
                  | Orb.
     0 | D:1      | Reached XP level 1. HP: 13/13 MP: 3/3
   115 | D:1      | Reached XP level 2. HP: 13/20 MP: 0/5
   174 | D:1      | Learned a level 2 spell: Searing Ray
   289 | D:1      | Reached skill level 1 in Fighting
   289 | D:1      | Reached skill level 1 in Armour
   289 | D:1      | Reached XP level 3. HP: 24/26 MP: 4/6
   302 | D:1      | Found a faded altar of an unknown god.
   827 | D:2      | Reached XP level 4. HP: 32/32 MP: 8/8
  1605 | D:3      | Reached XP level 5. HP: 20/38 MP: 4/9
  1894 | D:3      | You fall into a shaft and drop 1 floor!
  1939 | D:4      | Noticed a water moccasin
  1992 | D:3      | Noticed Sigmund
  2025 | D:3      | Noticed Natasha
  2077 | D:4      | Reached XP level 6. HP: 40/46 MP: 4/11
  2472 | D:4      | Reached skill level 5 in Conjurations
  2472 | D:4      | Reached XP level 7. HP: 47/52 MP: 5/13
  2796 | D:4      | Found a shimmering blue altar of Sif Muna.
  2802 | D:4      | Got Sif Muna's Volume of Snow
  2804 | D:4      | Got Sif Muna's Tome of Beguiling
  2806 | D:4      | Got Sif Muna's Papyrus of Orientation
  2831 | D:4      | Killed a water moccasin
  2832 | D:4      | Reached skill level 5 in Spellcasting
  2853 | D:4      | Found a large runed translucent door.
  2853 | D:4      | Found a large runed translucent door.
  2914 | D:4      | Noticed aloneDruid's ghost (amateur FoFi)
  3004 | D:4      | Reached XP level 8. HP: 39/58 MP: 11/15
  3047 | D:4      | Found a shadowy altar of Dithmenos.
  3050 | D:4      | Found a bloodstained altar of Trog.
  3307 | D:3      | Found a radiant altar of Vehumet.
  3454 | D:3      | Noticed Grinder
  3553 | D:5      | Entered Level 5 of the Dungeon
  3722 | D:5      | Found an opulent altar of Gozag.
  3722 | D:5      | Found a white marble altar of Elyvilon.
  3884 | D:5      | Learned a level 2 spell: Sublimation of Blood
  3888 | D:5      | Learned a level 3 spell: Frozen Ramparts
  3963 | D:5      | Reached skill level 1 in Ice Magic
  4526 | D:5      | Reached skill level 2 in Ice Magic
  4927 | D:6      | Found a blossoming altar of Fedhas.
  4998 | D:6      | Reached skill level 3 in Ice Magic
  5151 | D:6      | Reached skill level 4 in Ice Magic
  5151 | D:6      | Reached XP level 9. HP: 63/63 MP: 4/19
  5198 | D:6      | Noticed a two-headed ogre
  5347 | D:6      | Found a broken altar of Ashenzari.
  5481 | D:6      | Reached skill level 5 in Ice Magic
  5820 | D:7      | Found a staircase to the Ecumenical Temple.
  5829 | Temple   | Entered the Ecumenical Temple
  6475 | D:8      | Noticed Erica
  6566 | D:7      | Reached skill level 6 in Ice Magic
  6660 | D:7      | Noticed a hellwing
  6705 | D:7      | Identified the +1 ring mail of Indemnity {Str+4}
  6774 | D:7      | Reached skill level 7 in Ice Magic
  7162 | D:7      | Noticed a hellwing
  7190 | D:8      | Found a runed translucent door.
  7201 | D:8      | Found a snail-covered altar of Cheibriados.
  7210 | D:8      | Noticed Alannah's ghost (novice GrFi)
  7383 | D:8      | Reached skill level 8 in Ice Magic
  7528 | D:8      | Found a glowing silver altar of Zin.
  7581 | D:8      | Found a hazy altar of Hepliaklqana.
  7925 | D:9      | Noticed a two-headed ogre
  7971 | D:9      | Learned a level 5 spell: Borgnjor's Vile Clutch
  8037 | D:9      | Noticed a deep troll
  8113 | D:8      | Noticed Maurice
  8141 | D:7      | Reached skill level 1 in Earth Magic
  8438 | D:3      | You fall into a shaft and drop 2 floors!
  9087 | D:7      | Reached skill level 1 in Necromancy
  9243 | D:7      | You fall into a shaft and drop 1 floor!
  9246 | D:8      | You fall into a shaft and drop 1 floor!
  9356 | D:9      | Found a stormy altar of Qazlal.
  9671 | D:9      | Found an ancient bone altar of Kikubaaqudgha.
  9679 | D:9      | Became a worshipper of Kikubaaqudgha
  9778 | D:9      | Reached XP level 10. HP: 64/66 MP: 20/20
  9784 | D:9      | Killed a two-headed ogre
  9924 | D:8      | Reached skill level 5 in Earth Magic
  9969 | D:9      | HP: 3/66 [wight/+0 war axe (6)]
  9970 | D:9      | Slain by a wight

Illustrated notes

Levels and vault maps discovered:
D:1:      amcnicky_arrival_abandoned_market, layout_basic,
          hellmonk_ecumenical_altar_run_dry
D:2:      layout_loops_ring
D:3:      layout_basic, marbit_many_paths, uniq_grinder, uniq_natasha,
          uniq_sigmund
D:4:      minmay_chambers_of_twos, layout_rooms,
          nicolae_sif_muna_little_library, jmf_multi_god_temple,
          ebering_ghost_disaster_area
D:5:      cheibrodos_helix_gallery, layout_layer_cave,
          gammafunk_temple_overflow_wave
D:6:      layout_loops_ring, kennysheep_mini_moat, old_standard_altar,
          kennysheep_generic_room_6
D:7:      cheibrodos_grave_circle, layout_basic, minmay_temple_entry_large_hall,
          kennysheep_generic_room_7
D:8:      layout_rooms, nicolae_overflow_hidden_temple,
          mainiacjoe_overflow_small_starburst, mainiacjoe_overflow_boulevard,
          due_lair_maze_entry_diamond, ebering_ghost_reflecting_pool,
          uniq_psyche, uniq_erica, uniq_maurice
D:9:      layout_irregular_city, nicolae_qazlal_style_of_elements,
          lemuel_zombie_altar_kikubaaqudgha, kennysheep_just_a_vault
Temple:   jpeg_temple_island

Skill      XL: |  1  2  3  4  5  6  7  8  9 10 |
---------------+-------------------------------+-----
Dodging        | 2 |  2.2
Fighting       | 1 2 3 |  3.3
Armour         | 1 2 3 |  3.3
Conjurations   | 4 5 6 |  6.0
Spellcasting   | 3 4 5 7 |  7.0
Ice Magic      | 4 8 |  8.0
Earth Magic    | 2 5 |  5.3
Necromancy     | 2 4 |  4.3
Stealth        | |  2.4

Action                   |  1- 3 |  4- 6 |  7- 9 | 10-12 || total
-------------------------+-------+-------+-------+-------++-------
Melee: Unarmed           |     2 |       |       |       ||     2
       Club              |     7 |       |       |       ||     7
       Staff             |     8 |     9 |    10 |       ||    27
 Fire: Hunting sling     |    18 |    50 |    46 |     1 ||   115
 Cast: Magic Dart        |    20 |     7 |    11 |     1 ||    39
       Searing Ray       |     4 |    24 |    70 |     6 ||   104
       Frozen Ramparts   |       |       |    10 |     2 ||    12
 Abil: Dig               |       |       |     6 |       ||     6
       Shaft Self        |       |       |     3 |       ||     3
  Use: Potion            |       |       |     2 |       ||     2
       Scroll            |       |       |     7 |       ||     7
Armor: Robe              |     4 |     5 |    60 |     1 ||    70
Dodge: Dodged            |    12 |    29 |   137 |     5 ||   183
